 Dungeon Crawl Stone Soup version 0.30.1-9-gdf580d7c3d (webtiles) character file.

Game seed: 13582773018123684772

45 jagang the Slasher (level 3, -2/30 HPs)
             Began as a Barachi Monk on Oct 25, 2023.
             Slain by an endoplasm (3 damage)
             ... on level 1 of the Dungeon.
             The game lasted 00:01:26 (718 turns).

jagang the Slasher (Barachi Monk)                    Turns: 718, Time: 00:01:27

Health: -2/30      AC:  3    Str: 12    XL:     3   Next: 64%
Magic:  3/3        EV: 13    Int: 10    God:
Gold:   39         SH:  0    Dex: 16    Spells: 2/2 levels left

rFire   . . .        a - +0 falchion
rCold   . . .        d - orb {light}
rNeg    . . .        b - +0 robe
rPois   .            (no helmet)
rElec   .            h - +0 cloak
rCorr   .            (no gloves)
SInv    .            (no boots)
Will    .....        (no amulet)
Stlth   +            (no ring)
HPRegen 0.25/turn    (no ring)
MPRegen 0.08/turn

%: no passive effects
@: lethally poisoned (-2 -> -9), glowing, slow
A: amphibious, slowness 1, strong legs 1, +LOS
a: Hop


You were on level 1 of the Dungeon.
You visited 1 branch of the dungeon, and saw 2 of its levels.

You collected 39 gold pieces.

Inventory:

Hand Weapons
 a - a +0 falchion (weapon)
Armour
 b - a +0 robe (worn)
 d - an orb of light (worn)
 h - a +0 cloak (worn)
Scrolls
 e - 2 scrolls of poison {unknown}
 f - 3 scrolls of identify {unknown}
 g - a scroll of amnesia {unknown}
Potions
 c - a potion of ambrosia
 i - a potion of degeneration {unknown}
 j - 2 potions of curing {unknown}


   Skills:
 + Level 4.0 Fighting
 * Level 4.3 Long Blades
 + Level 1.4 Armour
 * Level 3.8 Dodging


You had 2 spell levels left.
You didn't know any spells.
Your spell library was empty.

Dungeon Overview and Level Annotations

Branches:
Dungeon (2/15)

Altars:


Innate Abilities, Weirdness & Mutations

You are amphibious.
You cover ground slowly.
You can hop short distances.
You have an extended range of vision and can be seen from far away.


Message History

The dart slug launches a dart at you. The slug dart misses you.
The adder misses you. The bat barely misses you. The adder barely misses you.
There is a stone staircase leading up here.
Things that are here:
a +0 dagger; 4 stones; a kobold corpse The bat hits you.
The endoplasm barely misses you. The adder barely misses you.
You climb upwards.
There is a stone staircase leading down here.
You hit the adder.
The adder is heavily wounded.
The bat hits you. The adder bites you. The endoplasm barely misses you.
You barely miss the adder.
The adder is heavily wounded.
The bat misses you. The adder bites you. The endoplasm closely misses you.
The adder barely misses you.
You barely miss the adder.
The adder is heavily wounded.
The endoplasm hits you but does no damage.
The adder bites you.
You are poisoned.
The adder poisons you! The bat hits you.
You hit the adder.
The adder is almost dead.
You feel sick. The bat hits you. The adder bites you but does no damage.
The endoplasm freezes you.
You are frozen.
The adder bites you.
* * * LOW HITPOINT WARNING * * *
The endoplasm freezes you.
You are frozen.
* * * LOW HITPOINT WARNING * * *
You closely miss the adder.
The adder is almost dead.
You feel sick. The bat hits you.
* * * LOW HITPOINT WARNING * * *
The adder bites you.
* * * LOW HITPOINT WARNING * * *
You are more poisoned.
The adder poisons you! The endoplasm hits you.
You die...

)...............#
#.#######.####..#
..# #.#.....# ..#
#.#.#...# ###
#.#.#...# #
#.#.#...# #
#.#.#...#
#########.....bS##
................@#
####...........J.#
#..######.....#
#.............#
#####''####.#.##
#8......8#....#
#≈......≈###..#
#≈.....§≈# #..#
#≈......≈# #..#


You could see an adder, an endoplasm and a bat.

Vanquished Creatures
  3 dart slugs (D:1)
  4 ball pythons (D:1)
  A bat (D:1)
  2 endoplasms (D:1)
  2 giant cockroaches (D:1)
  2 goblins (D:1)
  4 hobgoblins (D:1)
  4 jackals (D:1)
  2 quokkas (D:1)
  5 kobolds
  4 rats (D:1)
33 creatures vanquished.

Notes
Turn   | Place    | Note
-------+----------+-------------------------------------------
     0 | D:1      | jagang the Barachi Monk began the quest for the Orb.
     0 | D:1      | Reached XP level 1. HP: 18/18 MP: 1/1
    56 | D:1      | Reached XP level 2. HP: 22/25 MP: 2/2
   130 | D:1      | Reached skill level 1 in Armour
   210 | D:1      | Reached XP level 3. HP: 23/30 MP: 3/3
   718 | D:1      | HP: 1/30 [adder (3)]
   718 | D:1      | Slain by an endoplasm

Illustrated notes

Levels and vault maps discovered:
D:1:      lightli_arrival_noodles, layout_basic, serial_glass, glass_columns_b,
          glass_columns_b, st_stairs_14
D:2:      layout_basic

Skill      XL: |  1  2  3 |
---------------+----------+-----
Long Blades    | 4 |  4.3
Armour         | 1 |  1.4
Fighting       | 4 |  4.0
Dodging        | |  3.8

Action                     || total
---------------------------++-------
  Melee: Falchion          ||   101
 Armour: Robe              ||    19
  Dodge: Dodged            ||   111
